 Dungeon Crawl Stone Soup version 0.28-a0-948-gee6e0bcda6 (webtiles) character file.

Game seed: 12487105829285413755

2686 Conn the Sneak (level 9, -5/54 HPs)
             Began as an Octopode Fire Elementalist on Nov 30, 2021.
             Was an Initiate of Sif Muna.
             Succumbed to a hornet's poison
             ... on level 7 of the Dungeon.
             The game lasted 00:16:48 (9008 turns).

Conn the Sneak (Octopode Fire Elementalist)         Turns: 9008, Time: 00:16:48

Health: -5/54      AC:  1    Str:  7    XL:     9   Next: 64%
Magic:  9/18       EV: 33    Int: 16    God:    Sif Muna [......]
Gold:   394        SH:  0    Dex: 13    Spells: 7/20 levels left

rFire   . . .      SeeInvis +   f - +2 dagger (venom)
rCold   + . .      Faith    .   (no shield)
rNeg    . . .      Spirit   .   (helmet restricted)
rPois   .          Reflect  .   t - amulet "Runt" {Acrobat Harm Will++ Int-4 SInv}
rElec   .          Harm     +   g - +4 ring of evasion
rCorr   .          Rampage  .   z - ring of protection from cold
Will    ++...                   (no ring)
Stlth   ++++......              (no ring)
HPRegen 0.18/turn               (no ring)
MPRegen 0.16/turn               (no ring)
                                (no ring)
                                (no ring)

@: lethally poisoned (-5 -> -18), acrobatic, slowed, unable to read, very slow
A: almost no armour, amphibious, 8 rings, camouflage 1, gelatinous body 1,
(nimble swimmer 1), tentacles, wild magic 1, inability to read while threatened
a: Renounce Religion


You were on level 7 of the Dungeon.
You worshipped Sif Muna.
Sif Muna was noncommittal.
You visited 2 branches of the dungeon, and saw 8 of its levels.
You also visited: Sewer.

You collected 394 gold pieces.

Inventory:

Hand Weapons
 c - a +0 short sword
 f - a +2 dagger of venom (weapon)
 w - the +4 hand axe of Odepsuim {speed, Dex+2}
   (You took it off an orc priest on level 5 of the Dungeon)

   Attacks with this weapon are significantly faster.
   Dex:       It affects your dexterity (+2).
 A - the +7 flail of Roadih {freeze, Dex+3}
   (You found it on level 7 of the Dungeon)

   It freezes those it strikes, dealing additional cold damage.
   It can also slow down cold-blooded creatures.
   Dex:       It affects your dexterity (+3).
Jewellery
 g - a +4 ring of evasion (left tentacle)
 t - the amulet "Runt" (around mantle) {Acrobat Harm Will++ Int-4 SInv}
   (You found it on level 5 of the Dungeon)

   [amulet of the acrobat]

   It increases your evasion while moving and waiting.
   Int:       It affects your intelligence (-4).
   SInv:      It lets you see invisible.
   Harm:      It increases damage dealt and taken.
   Will:      It greatly increases your willpower.
 z - a ring of protection from cold (right tentacle)
Wands
 j - a wand of acid (11)
Scrolls
 d - 2 scrolls of identify {unknown}
 e - 4 scrolls of teleportation {unknown}
 i - 2 scrolls of enchant armour {unknown}
 k - a scroll of magic mapping {unknown}
 m - a scroll of fog {unknown}
 n - a scroll of blinking {unknown}
 p - a scroll of immolation {unknown}
 q - a scroll of summoning {unknown}
 r - a scroll of holy word {unknown}
 s - a scroll of acquirement {unknown}
 y - a scroll of enchant weapon {unknown}
Potions
 a - a potion of cancellation
 b - 2 potions of curing
 h - a potion of brilliance
 l - a potion of haste
 o - a potion of heal wounds {unknown}
 u - a potion of ambrosia {unknown}
 v - a potion of resistance {unknown}
 x - a potion of degeneration {unknown}
 B - a potion of flight {unknown}


   Skills:
 + Level 2.0 Fighting
 + Level 3.1 Short Blades
 + Level 3.3 Dodging
 + Level 7.3 Stealth
 + Level 6.4 Spellcasting
 + Level 5.2 Conjurations
 + Level 1.9 Hexes
 + Level 6.8 Fire Magic
 + Level 1.0 Evocations


You had 7 spell levels left.
You knew the following spells:

 Your Spells              Type           Power      Damage    Failure   Level
a - Foxfire               Conj/Fire      100%       2x1d9     2%          1
b - Conjure Flame         Conj/Fire      31%        6-21      5%          3
c - Inner Flame           Hex/Fire       25%        N/A       10%         3
d - Flame Wave            Conj/Fire      31%        2d7       16%         4
e - Scorch                Fire           70%        2d9       2%          2

Your spell library contained the following spells:

 Spells                   Type           Power      Damage    Failure   Level
 Ignite Poison            Fire/Tmut/Pois 16%        N/A       22%         3
 Mephitic Cloud           Conj/Pois/Air  13%        N/A       26%         3
 Freezing Cloud           Conj/Ice/Air   6%         6-21      91%         5


Dungeon Overview and Level Annotations

Branches:
Dungeon (7/15)             Temple (1/1) D:7           Sewer (visited)

Altars:
Ashenzari
Cheibriados
Elyvilon
Gozag
Hepliaklqana
Kikubaaqudgha
Makhleb
Nemelex Xobeh
Okawaru
Qazlal
Ru
Sif Muna
Trog
Vehumet
Wu Jian
Xom
Yredelemnul
Zin
The Shining One

Shops:
D:5 *


Innate Abilities, Weirdness & Mutations

You cannot wear most types of armour.
You are amphibious.
You can wear up to eight rings at the same time.
Your skin changes colour to match your surroundings (Stealth+).
Your rubbery body absorbs attacks. (AC +1, EV +1)
((You are camouflaged near water. (Stealth+)))
You have tentacles for arms and can constrict up to eight enemies at once.
Your spells are a little harder to cast, but a little more powerful.
You sometimes lose the ability to read scrolls when taking damage.


Message History

Your foxfire dissipates!
Casting: Foxfire (safe; 2% risk of failure)
Confirm with . or Enter, or press ? or * to list all spells.
Okay, then.
Casting: Foxfire (safe; 2% risk of failure)
Confirm with . or Enter, or press ? or * to list all spells.
Okay, then.
The hornet completely misses you. The hornet closely misses you.
Casting: Foxfire (safe; 2% risk of failure)
Confirm with . or Enter, or press ? or * to list all spells.
You conjure some foxfire!
The hornet misses you. x2
Unknown command.
The foxfire hits the hornet but does no damage.
The hornet is moderately wounded.
The foxfire hits the hornet.
Flame seeps out of the hornet.
The hornet is heavily wounded.
The hornet is engulfed in blazing flames.
Flame seeps out of the hornet.
Unknown command.
Casting: Foxfire (safe; 2% risk of failure)
Confirm with . or Enter, or press ? or * to list all spells.
You conjure some foxfire!
The hornet stings you!
You feel yourself slow down. The hornet stings you!
You feel threatened and lose the ability to read scrolls!
You feel as though you will be slow longer.
Unknown command.
Your foxfire dissipates!
The foxfire hits the hornet but does no damage.
The hornet is severely wounded.
The hornet misses you.
Unknown command.
Casting: Foxfire (safe; 2% risk of failure)
Confirm with . or Enter, or press ? or * to list all spells.
You conjure some foxfire!
The hornet stings you!
* * * LOW HITPOINT WARNING * * *
You are lethally poisoned!
You feel as though you will be slow longer.
The hornet closely misses you.
You die...

. ... 8...y##### ..Y...y..#
########## ..8.####.#
.........###### . #.#
#.#######.##....
#Y########.#######.##.#.#
#.....yvv...............#
######yy.@......###>##.### ##.##
#.####.###.###.##.# ##(..###.#
#.# #...#.##.###
##.....##.####.#####.#.##....
#......................##..##
##..<..##.####.#####.......#
####...###.# #.###########.##
#.#.....####.####..............#
#.....###≈####.....####........#


You could see a hornet (inner flame, ally target), a sky beast and 2 killer
bees.

Vanquished Creatures
  Grinder (D:5)
  Prince Ribbit (D:6)
  Sigmund (D:3)
  Duvessa (D:5)
  3 water moccasins
  A sky beast (D:5)
  A necrophage (D:5)
  An ogre (D:4)
  2 kobold brigands (D:3)
  A bullfrog (D:7)
  2 scorpions
  Dowan (D:5)
  2 water moccasin skeletons
  Crazy Yiuf (D:3)
  4 jellies
  4 orc priests
  2 bullfrog skeletons
  An iguana (D:6)
  Natasha (thrice) (D:2)
  3 orc wizards
  Robin (D:2)
  9 adders
  20 gnolls
  2 shadow imps (D:6)
  A white imp (D:7)
  An ufetubus (D:6)
  An adder zombie (D:3)
  A worm (D:2)
  4 dart slugs
  13 orcs
  9 ball pythons
  8 endoplasms
  A giant cockroach (D:4)
  14 goblins
  9 hobgoblins
  2 jackals (Sewer)
  47 kobolds
  5 quokkas
  A ball python zombie (D:3)
  6 bats
  7 frilled lizards
  A quokka zombie (D:3)
  6 rats
205 creatures vanquished.

Vanquished Creatures (collateral kills)
  5 foxfires (D:3)
5 creatures vanquished.

Vanquished Creatures (others)
  A ball python (D:4)
  559 foxfires
  2 fungi (D:3)
562 creatures vanquished.

Grand Total: 772 creatures vanquished

Notes
Turn   | Place    | Note
-------+----------+-------------------------------------------
     0 | D:1      | Conn the Octopode Fire Elementalist began the quest for the
                  | Orb.
     0 | D:1      | Reached XP level 1. HP: 11/11 MP: 3/3
   225 | D:1      | Reached XP level 2. HP: 17/17 MP: 0/5
   719 | D:1      | Found a faded altar of an unknown god.
   789 | D:1      | Reached XP level 3. HP: 17/21 MP: 6/6
  1433 | D:2      | Reached skill level 3 in Stealth
  1737 | D:2      | Noticed Natasha
  1743 | D:2      | Killed Natasha
  1744 | D:2      | Reached skill level 4 in Stealth
  1744 | D:2      | Reached XP level 4. HP: 27/27 MP: 2/7
  1745 | D:2      | Noticed Natasha
  1752 | D:2      | Killed Natasha
  1820 | D:2      | Noticed Natasha
  1828 | D:3      | Found a glowing drain.
  1848 | Sewer    | Entered a sewer
  1982 | Sewer    | Noticed a water moccasin
  1988 | Sewer    | Killed a water moccasin
  1989 | Sewer    | Reached skill level 1 in Short Blades
  1989 | Sewer    | Reached XP level 5. HP: 28/32 MP: 3/9
  2156 | D:3      | Found an iron altar of Okawaru.
  2383 | D:3      | Reached XP level 6. HP: 33/37 MP: 10/10
  3412 | D:3      | Reached skill level 5 in Stealth
  3412 | D:3      | Reached XP level 7. HP: 42/42 MP: 4/12
  3706 | D:3      | Reached skill level 1 in Fighting
  4216 | D:3      | Noticed Sigmund
  4225 | D:3      | Killed Sigmund
  4226 | D:3      | Reached skill level 5 in Fire Magic
  4650 | D:3      | Found a runed translucent door.
  4651 | D:3      | Noticed Crazy Yiuf
  4658 | D:3      | Learned a level 3 spell: Conjure Flame
  4662 | D:3      | Learned a level 3 spell: Inner Flame
  4667 | D:3      | Learned a level 4 spell: Flame Wave
  4670 | D:3      | Learned a level 2 spell: Scorch
  4701 | D:2      | Killed Natasha
  4754 | D:2      | Noticed Robin
  4762 | D:2      | Killed Robin
  4968 | D:2      | Found an ancient bone altar of Kikubaaqudgha.
  5443 | D:3      | Killed Crazy Yiuf
  5444 | D:3      | Reached XP level 8. HP: 48/48 MP: 8/15
  6107 | D:4      | You fall into a shaft and drop 2 floors!
  6129 | D:6      | Reached skill level 5 in Spellcasting
  6129 | D:6      | Noticed Prince Ribbit
  6136 | D:6      | Killed Prince Ribbit
  6137 | D:6      | Reached skill level 6 in Stealth
  6235 | D:6      | Found a burning altar of Makhleb.
  6408 | D:5      | Entered Level 5 of the Dungeon
  6409 | D:5      | Identified the amulet "Runt" {Acrobat Harm Will++ Int-4
                  | SInv}
  6522 | D:5      | Found Huleraavyo's Gadget Gallery.
  6548 | D:5      | Identified the +4 hand axe of Odepsuim {speed, Dex+2}
  6586 | D:5      | Reached XP level 9. HP: 21/54 MP: 3/17
  6782 | D:5      | Noticed Duvessa
  6783 | D:5      | Noticed Dowan
  6791 | D:5      | Gained mutation: You sometimes lose the ability to read
                  | scrolls when taking damage. [potion of mutation]
  6791 | D:5      | Gained mutation: Your spells are a little harder to cast,
                  | but a little more powerful. [potion of mutation]
  6812 | D:5      | Killed Duvessa
  6812 | D:5      | Killed Dowan
  6813 | D:5      | Reached skill level 7 in Stealth
  7035 | D:5      | Reached skill level 1 in Hexes
  7131 | D:5      | Found a radiant altar of Vehumet.
  7191 | D:5      | Noticed Grinder
  7195 | D:5      | Killed Grinder
  7196 | D:5      | Reached skill level 5 in Conjurations
  8317 | D:7      | Found a staircase to the Ecumenical Temple.
  8327 | D:7      | Reached skill level 1 in Evocations
  8338 | D:7      | Identified the +7 flail of Roadih {freeze, Dex+3}
  8360 | Temple   | Entered the Ecumenical Temple
  8530 | Temple   | Became a worshipper of Sif Muna the Loreminder
  8988 | D:7      | Noticed a hornet
  9007 | D:7      | HP: 1/54 [hornet (20)]
  9008 | D:7      | Succumbed to a hornet's poison

Illustrated notes

Levels and vault maps discovered:
D:1:      dpeg_arrival_boxorama, layout_loops_corners,
          hellmonk_ecumenical_altar_slurped_away
D:2:      layout_basic, basic_altar, uniq_robin, uniq_natasha
D:3:      minmay_goblin_kobold_castle, layout_loops_ring,
          mainiacjoe_overflow_small_starburst, serial_undead, serial_undead_b,
          serial_undead_e, serial_undead_c, serial_undead_e,
          cheibrodos_sewer_entry_sluice, grunt_decor_fettered, uniq_sigmund,
          uniq_crazy_yiuf_cottage
D:4:      layout_basic, lemuel_old_faithful
D:5:      layout_basic, nicolae_vehumet_altar_sigil, nicolae_shop_gadgets,
          uniq_duvessa, uniq_grinder
D:6:      layout_gridville, lemuel_tele_altar, minmay_misc_feat_columns,
          minmay_misc_feat_room, uniq_prince_ribbit1
D:7:      gammafunk_steamed_eel, layout_loops_ring, nicolae_uskayaw_dance_hall,
          minmay_temple_entry_slanted, chequers_serial_rivers_small_3
Temple:   regret_index_temple_sphere_string

Skill      XL: |  1  2  3  4  5  6  7  8  9 |
---------------+----------------------------+-----
Stealth        | 4 5 6 7 |  7.3
Short Blades   | 1 2 3 |  3.1
Conjurations   | 2 3 4 5 |  5.2
Fire Magic     | 4 5 6 |  6.8
Spellcasting   | 3 4 5 6 |  6.4
Fighting       | 1 2 |  2.0
Dodging        | 3 |  3.3
Hexes          | 1 |  1.9
Evocations     | 1 |  1.0

Action                   |  1- 3 |  4- 6 |  7- 9 || total
-------------------------+-------+-------+-------++-------
Melee: Short sword       |    29 |       |       ||    29
       Constrict         |     5 |     9 |    23 ||    37
       Tentacles         |     4 |     3 |    16 ||    23
       Dagger            |       |    29 |    93 ||   122
 Cast: Foxfire           |    46 |   107 |   176 ||   329
       Scorch            |       |       |     3 ||     3
       Inner Flame       |       |       |    10 ||    10
       Flame Wave        |       |       |     3 ||     3
       Conjure Flame     |       |       |     3 ||     3
Evoke: Wand              |       |       |     2 ||     2
  Use: Potion            |       |       |     5 ||     5
 Stab: Sleeping          |    10 |     1 |    13 ||    24
Armor: Skin              |     1 |     2 |     3 ||     6
Dodge: Dodged            |    20 |    33 |    74 ||   127

Table legend: (Time is in decaauts)
 A = Elapsed time spent in this place.
 B = Non-inter-level travel time spent in this place.
 C = Inter-level travel time spent in this place.
 D = Time resting spent in this place.
 E = Time spent auto-exploring this place.
 F = Levels seen in this place.
 G = Mean time per level.
                   A        B        C        D        E       F      G
               +--------+--------+--------+--------+--------+-----+--------+
         Total |   8982 |   8723 |    259 |     21 |   6975 |   9 |  998.0 |
       Dungeon |   8514 |   8283 |    231 |      0 |   6674 |   7 | 1216.3 |
        Temple |    198 |    170 |     28 |      0 |    129 |   1 |  198.0 |
         Sewer |    268 |    268 |      0 |     21 |    172 |   1 |  268.0 |
               +--------+--------+--------+--------+--------+-----+--------+

Top non-repeatable levels by time:
     D:3: 2801 daAuts
     D:1: 1280 daAuts
     D:2: 1208 daAuts
     D:6: 919 daAuts
     D:4: 895 daAuts
     D:5: 811 daAuts
     D:7: 597 daAuts
   Sewer: 268 daAuts
  Temple: 198 daAuts
